[Event "Bundesturnier Hauptturnier 1 2024"]
[Site "Olten"]
[Date "2024.05.11"]
[Round "6.9"]
[White "Gautier, Anand"]
[Black "Pahud, Cedric"]
[Result "1-0"]
[ECO "C55"]
[WhiteElo "2274"]
[BlackElo "2135"]
[Annotator "ChessBase"]
[PlyCount "105"]
[EventDate "2024.05.09"]
[EventType "tourn"]
[EventCountry "SUI"]
[SourceTitle "playchess.com"]
[Source "ChessBase"]
[SourceQuality "1"]
[TimeControl "5400+30"]

1. e4 e5 2. Nf3 Nc6 3. Bc4 Nf6 4. d3 Bc5 5. c3 O-O 6. O-O d5 7. exd5 Nxd5 8. Re1 Bg4 9. Nbd2 Nb6 10. h3 Bh5 11. Bb5 Bd6 12. Ne4 a5 13. Bxc6 bxc6 14. Ng3 Bg6 15. d4 exd4 16. Nxd4 c5 17. Ndf5 Bxg3 18. Ne7+ Kh8 19. Nxg6+ hxg6 20. fxg3 Qxd1 21. Rxd1 Rad8 22. Be3 c4 23. Kf2 Na4 24. Bf4 Nxb2 25. Rxd8 Rxd8 26. Bxc7 Rd2+ 27. Kf3 a4 28. Be5 Nd3 29. Bd4 a3 30. g4 f6 31. h4 Kg8 32. g5 Kf7 33. gxf6 gxf6 34. g4 Rc2 35. h5 gxh5 36. gxh5 Nc1 37. Rb1 Nxa2 38. Rb7+ Kg8 39. h6 Rh2 40. Rg7+ Kf8 41. Bc5+ Ke8 42. h7 Nxc3 43. Bxa3 Nb5 44. Bc5 c3 45. Rg8+ Kf7 46. h8=Q Rxh8 47. Rxh8 c2 48. Rh1 Nc3 49. Rc1 Na4 50. Bd4 Ke6 51. Rxc2 Kd5 52. Ra2 Kxd4 53. Rxa4+ 1-0

[Event "Bundesturnier Hauptturnier 1 2024"]
[Site "Olten"]
[Date "2024.05.11"]
[Round "6.10"]
[White "Prunescu, Claudiu"]
[Black "Artan, Tamir"]
[Result "1/2-1/2"]
[ECO "A46"]
[WhiteElo "2249"]
[BlackElo "1908"]
[Annotator "ChessBase"]
[PlyCount "61"]
[EventDate "2024.05.09"]
[EventType "tourn"]
[EventCountry "SUI"]
[SourceTitle "playchess.com"]
[Source "ChessBase"]
[SourceQuality "1"]
[TimeControl "5400+30"]

1. Nf3 Nf6 2. d4 e6 3. Bg5 Be7 4. c4 Ne4 5. Bxe7 Qxe7 6. Nbd2 Nxd2 7. Qxd2 d6 8. e3 e5 9. Qc3 Nd7 10. Be2 b6 11. O-O O-O 12. dxe5 dxe5 13. Rfd1 Bb7 14. b4 Rad8 15. Rac1 Bxf3 16. Bxf3 e4 17. Be2 Nf6 18. c5 Rxd1+ 19. Rxd1 Rd8 20. Rxd8+ Qxd8 21. cxb6 cxb6 22. h3 h6 23. a3 Qd6 24. Qc8+ Kh7 25. Qc2 Kg8 26. Qc3 Qd5 27. g3 Qe6 28. Kg2 Qd7 29. Qc2 Kf8 30. Qc3 Kg8 31. Qc2 1/2-1/2

[Event "Bundesturnier Hauptturnier 1 2024"]
[Site "Olten"]
[Date "2024.05.11"]
[Round "6.11"]
[White "Drechsler, Christoph"]
[Black "Kamber, Bruno"]
[Result "1-0"]
[ECO "A48"]
[WhiteElo "2099"]
[BlackElo "2217"]
[Annotator "ChessBase"]
[PlyCount "107"]
[EventDate "2024.05.09"]
[EventType "tourn"]
[EventCountry "SUI"]
[SourceTitle "playchess.com"]
[Source "ChessBase"]
[SourceQuality "1"]
[TimeControl "5400+30"]

1. d4 Nf6 2. Nf3 c5 3. e3 g6 4. Nbd2 b6 5. Be2 Bg7 6. O-O O-O 7. c3 Bb7 8. b4 d6 9. bxc5 dxc5 10. a4 Nc6 11. Ba3 Qc7 12. Qb1 Rfd8 13. Rc1 Rac8 14. Nc4 Ng4 15. h3 Nf6 16. a5 Nd7 17. axb6 axb6 18. Qb3 Ba6 19. Ng5 e6 20. Bf1 Ra8 21. Bb2 Bb7 22. f4 Rxa1 23. Rxa1 cxd4 24. cxd4 Ne7 25. Rc1 Bd5 26. Qa3 Nc6 27. Nd2 Bf8 28. Qc3 Qb8 29. Ba3 Ne7 30. Qd3 Nf6 31. Be2 Ba8 32. Nc4 Nf5 33. Bxf8 Rxf8 34. Bf3 Nd5 35. Bxd5 Bxd5 36. Ne5 Qa7 37. e4 f6 38. exd5 fxg5 39. dxe6 Qa2 40. Nd7 Nh4 41. Rc2 Qa1+ 42. Kh2 Rxf4 43. e7 Qa8 44. Qe3 Kf7 45. d5 Qe8 46. Qe6+ Kg7 47. Qe5+ Kf7 48. Rc7 Rf2 49. Kh1 Rf1+ 50. Kh2 Rf2 51. Qe6+ Kg7 52. Nf8 Qa4 53. e8=N+ Kxf8 54. Qe7+ 1-0

[Event "Bundesturnier Hauptturnier 1 2024"]
[Site "Olten"]
[Date "2024.05.11"]
[Round "6.12"]
[White "Rotunno, Flavio"]
[Black "Akermann, Thomas"]
[Result "1/2-1/2"]
[ECO "A21"]
[WhiteElo "2105"]
[BlackElo "2155"]
[Annotator "ChessBase"]
[PlyCount "34"]
[EventDate "2024.05.09"]
[EventType "tourn"]
[EventCountry "SUI"]
[SourceTitle "playchess.com"]
[Source "ChessBase"]
[SourceQuality "1"]
[TimeControl "5400+30"]

1. d4 d6 2. c4 e5 3. Nf3 e4 4. Ng5 f5 5. Nh3 c6 6. Nc3 Be7 7. e3 Nf6 8. Be2 Na6 9. Nf4 Nc7 10. h4 O-O 11. Qc2 Bd7 12. b3 b5 13. g3 d5 14. Kf1 Be8 15. Bd2 Qd7 16. Kg2 Bf7 17. c5 a5 1/2-1/2

[Event "Bundesturnier Hauptturnier 1 2024"]
[Site "Olten"]
[Date "2024.05.12"]
[Round "7.1"]
[White "Bauer, Christian"]
[Black "Willems, Niels"]
[Result "1-0"]
[ECO "B12"]
[WhiteElo "2576"]
[BlackElo "2329"]
[Annotator "TA"]
[PlyCount "77"]
[EventDate "2024.05.09"]
[EventType "tourn"]
[EventCountry "SUI"]
[SourceTitle "playchess.com"]
[Source "ChessBase"]
[SourceQuality "1"]
[TimeControl "5400+30"]

1. e4 c6 2. d4 d5 3. f3 dxe4 4. fxe4 e5 5. Nf3 Bg4 6. c3 Nd7 7. Bd3 Bd6 8. O-O {[%emt 0:01:44] White has an edge.} Ngf6 9. Na3 b5 {[%emt 0:17:34] Wards off Nc4} 10. Nc2 Bh5 11. Bg5 Qc7 12. Ne3 exd4 13. cxd4 Bxh2+ 14. Kh1 Bf4 {[%emt 0:00:22] [#] Strongly threatening ...Bxg5.} 15. Nf5 {[%emt 0:10:00] aiming for Bxf6.} O-O (15... Bxg5 $1 $11 16. Nxg7+ Ke7) 16. Bxf4 $14 {[%emt 0:03:39] Black is now going downhill.} Qxf4 17. Qc1 $36 {[%emt 0:01:26][%mdl 2048] White has the initiative.} (17. Qe1 {with more complications.} Rae8 18. Ne5 Qg5 19. Nxc6 Bg6 20. e5) 17... Qxc1 18. Raxc1 Nb8 19. Ne7+ Kh8 {[%emt 0:00:00] [#]} 20. e5 $1 {[%emt 0:01:21] White has more active pieces. The black rooks are passive.} Ng4 (20... Ng8 $16 {might work better.} 21. Nf5 (21. Nxc6 Nxc6 22. Rxc6 Rad8 $16) 21... a5) 21. Ng5 $1 $18 (21. Nxc6 $6 Nxc6 22. Rxc6 Rad8 $16) 21... Re8 (21... Ne3 $142) 22. Nxf7+ (22. Nxc6 Nxc6 23. Rxc6 Re7 $16) 22... Bxf7 23. Rxf7 Nh6 {[%emt 0:01:03] Black is weak on the light squares} 24. Rf3 (24. Rcf1 Nxf7 25. Rxf7 a5 $16) 24... Ng8 $2 (24... g6) 25. Nxc6 Nxc6 26. Rxc6 Rad8 27. Rf4 (27. Bxb5 Rxd4 28. Rc5 Rh4+ 29. Rh3 Rxh3+ 30. gxh3 Rf8) 27... Ne7 28. Re6 Nd5 29. Rxe8+ Rxe8 {[%emt 0:00:01][%mdl 4096] Endgame. KRB-KRN} 30. Rf7 a6 31. Be4 Ne3 32. Bc6 {[%emt 0:00:41][%cal Oe5e6] White threatens e6! and mate.} Rc8 33. d5 {[%emt 0:00:14][%cal Od5d6] And now d6! would win.} Kg8 34. e6 Nc4 35. Ra7 Ne5 36. Bb7 Rc1+ 37. Kh2 {[%emt 0:00:01] Ra8+ would kill now.} h5 38. d6 (38. Ra8+ $142 Kh7 39. e7 (39. Rxa6 Re1 $18) (39. Bxa6 Ng4+ 40. Kg3 Re1 $18) 39... Ng4+ 40. Kg3) 38... h4 39. Bf3 {[%emt 0:00:52] Weighted Error Value: White=0.11 (very precise) /Black=0.74.  Mistake:       	---       	Black=4      Inaccurate:     	---       	Black=6      OK:         	White=11    	Black=5      Best:        	White=2     	Black=1      Strong:       	White=2     	---} (39. d7 $142 Nxd7 40. Ra8+ (40. exd7 Rd1 $18) 40... Kh7 41. exd7 Rd1 42. d8=Q (42. d8=B Rd4 $18) (42. d8=R Re1 $18) 42... Rxd8 43. Rxd8 a5 44. Rd5 (44. Be4+ Kh6 $18)) 1-0

[Event "Bundesturnier Hauptturnier 1 2024"]
[Site "Olten"]
[Date "2024.05.12"]
[Round "7.2"]
[White "Loetscher, Roland"]
[Black "Gryshko, Vitalii"]
[Result "1/2-1/2"]
[ECO "A13"]
[WhiteElo "2384"]
[BlackElo "2316"]
[Annotator "ChessBase"]
[PlyCount "47"]
[EventDate "2024.05.09"]
[EventType "tourn"]
[EventCountry "SUI"]
[SourceTitle "playchess.com"]
[Source "ChessBase"]
[SourceQuality "1"]
[TimeControl "5400+30"]

1. c4 e6 2. g3 d5 3. Bg2 d4 4. Nf3 c5 5. e3 Nc6 6. O-O Nf6 7. exd4 cxd4 8. d3 Bd6 9. Bg5 h6 10. Bxf6 Qxf6 11. Nbd2 Bc7 12. Ne1 e5 13. Nc2 a5 14. Na3 O-O 15. c5 Qe7 16. Nb5 Na7 17. Nxc7 Qxc7 18. Rc1 Be6 19. a3 Nc6 20. Re1 Rad8 21. Qh5 Bd5 22. Nc4 Bxg2 23. Kxg2 Rd5 24. Nb6 1/2-1/2

[Event "Bundesturnier Hauptturnier 1 2024"]
[Site "Olten"]
[Date "2024.05.12"]
[Round "7.3"]
[White "Baenziger, Fabian"]
[Black "Gautier, Anand"]
[Result "1/2-1/2"]
[ECO "E62"]
[WhiteElo "2415"]
[BlackElo "2274"]
[Annotator "ChessBase"]
[PlyCount "64"]
[EventDate "2024.05.09"]
[EventType "tourn"]
[EventCountry "SUI"]
[SourceTitle "playchess.com"]
[Source "ChessBase"]
[SourceQuality "1"]
[TimeControl "5400+30"]

1. c4 Nf6 2. g3 g6 3. Bg2 Bg7 4. d4 O-O 5. Nc3 d6 6. Nf3 Nc6 7. O-O e5 8. h3 exd4 9. Nxd4 Nxd4 10. Qxd4 Be6 11. Qh4 Nh5 12. Bg5 f6 13. Bd2 c6 14. Rad1 f5 15. Qxd8 Rfxd8 16. b3 Nf6 17. Be3 d5 18. cxd5 Nxd5 19. Nxd5 Bxd5 20. Bxd5+ cxd5 21. Rd2 Kf7 22. Rc1 Rd7 23. Bd4 Bxd4 24. Rxd4 Re8 25. e3 Re4 26. Rd3 Re6 27. Rc5 Red6 28. Kf1 Ke6 29. Ke2 d4 30. exd4 Rxd4 31. Rxd4 Rxd4 32. Rc7 Rd7 1/2-1/2

[Event "Bundesturnier Hauptturnier 1 2024"]
[Site "Olten"]
[Date "2024.05.12"]
[Round "7.4"]
[White "Joie, Sebastien"]
[Black "Loeffler, Markus"]
[Result "1-0"]
[ECO "B51"]
[WhiteElo "2382"]
[BlackElo "2238"]
[Annotator "ChessBase"]
[PlyCount "111"]
[EventDate "2024.05.09"]
[EventType "tourn"]
[EventCountry "SUI"]
[SourceTitle "playchess.com"]
[Source "ChessBase"]
[SourceQuality "1"]
[TimeControl "5400+30"]

1. e4 c5 2. Nf3 d6 3. Bb5+ Nd7 4. O-O a6 5. Bxd7+ Bxd7 6. c3 Nf6 7. Re1 Bc6 8. d4 Bxe4 9. Bg5 Bc6 10. Bxf6 gxf6 11. d5 Bd7 12. Nbd2 Qc7 13. Ne4 O-O-O 14. b4 Bg4 15. h3 Bh5 16. bxc5 dxc5 17. d6 Qc6 18. Ne5 fxe5 19. Qxh5 exd6 20. Qxf7 d5 21. Qf5+ Qd7 22. Qxe5 Bg7 23. Nxc5 Bxe5 24. Nxd7 Bxc3 25. Rac1 d4 26. Nb6+ Kb8 27. Red1 Rd6 28. Na4 Rc6 29. f4 b5 30. Nb2 a5 31. Nd3 Kc7 32. Kf2 b4 33. Kf3 a4 34. Ne5 Rc5 35. Ke4 b3 36. axb3 axb3 37. g4 b2 38. Rb1 Ra5 39. g5 Rha8 40. h4 Ra1 41. Kd3 Kd6 42. h5 Ke6 43. Kc2 Kf5 44. g6 hxg6 45. hxg6 Rc8 46. g7 Kxf4 47. Ng6+ Ke4 48. Ne7 d3+ 49. Kb3 Bxg7 50. Nxc8 Ke3 51. Nd6 Ke2 52. Re1+ Kf3 53. Nc4 Ra7 54. Re3+ Kf2 55. Rxd3 Rb7+ 56. Ka2 1-0

[Event "Bundesturnier Hauptturnier 1 2024"]
[Site "Olten"]
[Date "2024.05.12"]
[Round "7.5"]
[White "Rohrer, Christophe"]
[Black "Drechsler, Christoph"]
[Result "1-0"]
[ECO "B12"]
[WhiteElo "2240"]
[BlackElo "2099"]
[Annotator "ChessBase"]
[PlyCount "94"]
[EventDate "2024.05.09"]
[EventType "tourn"]
[EventCountry "SUI"]
[SourceTitle "playchess.com"]
[Source "ChessBase"]
[SourceQuality "1"]
[TimeControl "5400+30"]

1. e4 c6 2. d4 d5 3. e5 g6 4. f4 Nh6 5. c3 Bg4 6. Qb3 Qc8 7. Be3 Bf5 8. Nf3 Ng4 9. Bg1 h5 10. Nbd2 Nh6 11. c4 Be6 12. Rc1 Nd7 13. Ng5 dxc4 14. Bxc4 Bxc4 15. Nxc4 e6 16. Ne4 Nf5 17. Bf2 Qc7 18. O-O Be7 19. d5 exd5 20. Ncd6+ Kf8 21. Nxf5 gxf5 22. Ng3 Bh4 23. Qxd5 Bxg3 24. hxg3 Nb6 25. Qd3 Qd7 26. Qxd7 Nxd7 27. Rfd1 Ke8 28. Rd6 Nf8 29. Rf6 h4 30. gxh4 Rh5 31. Rd6 Ne6 32. g3 a6 33. Bb6 a5 34. Rcd1 Ra6 35. Bd8 Kf8 36. Bf6 Kg8 37. Rd7 Rb6 38. R1d2 c5 39. Kg2 Rb4 40. Re7 Nd4 41. Re8+ Kh7 42. Rh8+ Kg6 43. Rg8+ Kh7 44. Rg7+ Kh6 45. Rxf7 b6 46. Kh3 a4 47. g4 Rxh4+ 1-0

[Event "Bundesturnier Hauptturnier 1 2024"]
[Site "Olten"]
[Date "2024.05.12"]
[Round "7.6"]
[White "Sutter, Oliver"]
[Black "Rappazzo, Johannes"]
[Result "1-0"]
[ECO "E65"]
[WhiteElo "2304"]
[BlackElo "2129"]
[Annotator "ChessBase"]
[PlyCount "63"]
[EventDate "2024.05.09"]
[EventType "tourn"]
[EventCountry "SUI"]
[SourceTitle "playchess.com"]
[Source "ChessBase"]
[SourceQuality "1"]
[TimeControl "5400+30"]

1. Nf3 Nf6 2. c4 g6 3. g3 Bg7 4. Bg2 O-O 5. O-O d6 6. Nc3 c5 7. d4 Nc6 8. dxc5 dxc5 9. Be3 Be6 10. Qa4 Nd4 11. Rad1 Bd7 12. Qa3 Nc2 13. Qxc5 b6 14. Qg5 h6 15. Qh4 Nxe3 16. fxe3 Ng4 17. Nd5 g5 18. Nxg5 e6 19. Nc3 Nxe3 20. Bxa8 Nxf1 21. Kxf1 hxg5 22. Qe4 f5 23. Qb7 Rf7 24. Qxa7 f4 25. g4 Qc8 26. Bf3 Bf8 27. Qxb6 Bc5 28. Qa5 Qf8 29. Ne4 Bb4 30. Qxg5+ Kh8 31. Qe5+ Kg8 32. Rxd7 1-0

[Event "Bundesturnier Hauptturnier 1 2024"]
[Site "Olten"]
[Date "2024.05.12"]
[Round "7.7"]
[White "Regez, Markus"]
[Black "Toktomushev, Teimur"]
[Result "0-1"]
[ECO "D00"]
[WhiteElo "2045"]
[BlackElo "2295"]
[Annotator "ChessBase"]
[PlyCount "58"]
[EventDate "2024.05.09"]
[EventType "tourn"]
[EventCountry "SUI"]
[SourceTitle "playchess.com"]
[Source "ChessBase"]
[SourceQuality "1"]
[TimeControl "5400+30"]

1. d4 d5 2. Nc3 Nf6 3. Bf4 a6 4. e3 c5 5. dxc5 Qa5 6. Bd3 Nc6 7. a3 Qxc5 8. Nf3 Bg4 9. Be2 Rd8 10. O-O g6 11. h3 Bxf3 12. Bxf3 Bg7 13. Qb1 e5 14. Bg5 e4 15. Bd1 O-O 16. Qa2 h6 17. Bh4 g5 18. Bg3 d4 19. exd4 Nxd4 20. Re1 Nf5 21. Bh2 Rd2 22. Be2 e3 23. f3 Rfd8 24. Rac1 b5 25. Bd3 Nh4 26. Re2 a5 27. Rce1 b4 28. axb4 axb4 29. Ne4 Nxe4 0-1

[Event "Bundesturnier Hauptturnier 1 2024"]
[Site "Olten"]
[Date "2024.05.12"]
[Round "7.8"]
[White "Retti, Ivan"]
[Black "Gantner, Matthias"]
[Result "0-1"]
[ECO "C58"]
[WhiteElo "2076"]
[BlackElo "2237"]
[Annotator "ChessBase"]
[PlyCount "94"]
[EventDate "2024.05.09"]
[EventType "tourn"]
[EventCountry "SUI"]
[SourceTitle "playchess.com"]
[Source "ChessBase"]
[SourceQuality "1"]
[TimeControl "5400+30"]

1. e4 e5 2. Nf3 Nc6 3. Bc4 Nf6 4. Ng5 d5 5. exd5 Na5 6. Bb5+ c6 7. dxc6 bxc6 8. Bd3 Nd5 9. h4 h6 10. Qh5 Qf6 11. Ne4 Qe6 12. Nbc3 g6 13. Qe2 Nf4 14. Qf1 f5 15. Ng3 Bg7 16. b3 O-O 17. Bb2 c5 18. O-O-O Bb7 19. f3 Rac8 20. Bb5 a6 21. Ba4 Qd6 22. Kb1 h5 23. Nge2 Ne6 24. d3 Kh7 25. Qf2 Nc6 26. Bxc6 Bxc6 27. Rde1 a5 28. Nd1 a4 29. Ne3 axb3 30. axb3 Bd5 31. Nc3 Bc6 32. Nc4 Qc7 33. Qg3 f4 34. Qf2 Nd4 35. Ne4 Bd5 36. Rhg1 Bxc4 37. dxc4 Qc6 38. Ng5+ Kh8 39. g4 fxg3 40. Qxg3 Ra8 41. Bxd4 exd4 42. Kc1 d3 43. Ne4 dxc2 44. Nd6 Qa6 45. Qxg6 Qa1+ 46. Kxc2 Ra2+ 47. Kd3 Qd4# 0-1

[Event "Bundesturnier Hauptturnier 1 2024"]
[Site "Olten"]
[Date "2024.05.12"]
[Round "7.9"]
[White "Gemelli, Romain"]
[Black "Prunescu, Claudiu"]
[Result "0-1"]
[ECO "D16"]
[WhiteElo "2047"]
[BlackElo "2249"]
[Annotator "ChessBase"]
[PlyCount "50"]
[EventDate "2024.05.09"]
[EventType "tourn"]
[EventCountry "SUI"]
[SourceTitle "playchess.com"]
[Source "ChessBase"]
[SourceQuality "1"]
[TimeControl "5400+30"]

1. d4 d5 2. c4 c6 3. Nc3 Nf6 4. Nf3 dxc4 5. a4 e6 6. e3 c5 7. Bxc4 Nc6 8. O-O cxd4 9. exd4 Be7 10. Qe2 O-O 11. Rd1 Nb4 12. Ne5 Nbd5 13. Bd2 Bd7 14. a5 a6 15. Ne4 Rc8 16. Nc5 Bxc5 17. dxc5 Rxc5 18. Nxd7 Nxd7 19. b4 Rc8 20. Bxd5 exd5 21. Qf3 Ne5 22. Qg3 Nc6 23. Bf4 Qf6 24. Rab1 Rfe8 25. b5 Nd4 0-1

[Event "Bundesturnier Hauptturnier 1 2024"]
[Site "Olten"]
[Date "2024.05.12"]
[Round "7.10"]
[White "Rotunno, Flavio"]
[Black "Schlegel, Igor"]
[Result "1/2-1/2"]
[ECO "A57"]
[WhiteElo "2105"]
[BlackElo "2215"]
[Annotator "ChessBase"]
[PlyCount "73"]
[EventDate "2024.05.09"]
[EventType "tourn"]
[EventCountry "SUI"]
[SourceTitle "playchess.com"]
[Source "ChessBase"]
[SourceQuality "1"]
[TimeControl "5400+30"]

1. d4 Nf6 2. c4 c5 3. d5 b5 4. Nd2 d6 5. e4 b4 6. Ngf3 g6 7. e5 dxe5 8. Nxe5 Bg7 9. Nd3 Nbd7 10. Be2 O-O 11. O-O a5 12. Nb3 Ne4 13. Be3 Qc7 14. Bf3 Nd6 15. Nbxc5 Nxc4 16. d6 exd6 17. Nxd7 Nxe3 18. fxe3 Bxd7 19. Bxa8 Rxa8 20. Rxf7 Kxf7 21. Qf3+ Bf5 22. Qxa8 Qe7 23. Qf3 Bf6 24. Rd1 Kg7 25. b3 h5 26. h3 Be4 27. Qe2 Kh6 28. Nf4 Be5 29. Qc4 Bb7 30. Rf1 Qg5 31. Qe2 Be4 32. Qf2 Qe7 33. Ne2 Bd3 34. Rd1 Be4 35. Rf1 Bd3 36. Rd1 Be4 37. Rf1 1/2-1/2

[Event "Bundesturnier Hauptturnier 1 2024"]
[Site "Olten"]
[Date "2024.05.12"]
[Round "7.11"]
[White "Manko, Mariia"]
[Black "Menzi, Jonas"]
[Result "1/2-1/2"]
[ECO "E05"]
[WhiteElo "2247"]
[BlackElo "2063"]
[Annotator "ChessBase"]
[PlyCount "155"]
[EventDate "2024.05.09"]
[EventType "tourn"]
[EventCountry "SUI"]
[SourceTitle "playchess.com"]
[Source "ChessBase"]
[SourceQuality "1"]
[TimeControl "5400+30"]

1. d4 d5 2. c4 e6 3. Nf3 Nf6 4. g3 Be7 5. Bg2 O-O 6. O-O dxc4 7. Qc2 b6 8. Ne5 Qxd4 9. Bxa8 Qxe5 10. Bf3 Nd5 11. Qxc4 Ba6 12. Qa4 c5 13. Na3 Qc7 14. Rd1 Qc6 15. Qc2 Qc8 16. Bf4 Nc6 17. Rac1 Nxf4 18. gxf4 Nd4 19. Rxd4 cxd4 20. Qxc8 Rxc8 21. Rxc8+ Bxc8 22. Nb5 d3 23. Nxa7 Bb7 24. Nb5 Bxf3 25. exf3 Bf6 26. Kf1 Bxb2 27. Nd6 f5 28. Ke1 Bd4 29. a4 Kf8 30. Kd2 Bxf2 31. Kxd3 Ke7 32. Nc4 Kd7 33. Ne5+ Kd6 34. Kc4 Be3 35. Nd3 Kc6 36. h3 h6 37. h4 h5 38. Ne5+ Kb7 39. Ng6 Bf2 40. Kb5 Be1 41. Kc4 Kc6 42. Ne5+ Kd6 43. Ng6 Bf2 44. Kb5 Kc7 45. Nf8 Kd6 46. Ng6 Kd7 47. Kc4 Ke8 48. Kb5 Kd7 49. Kc4 Kc6 50. Ne5+ Kb7 51. Ng6 Ka6 52. Kb4 Bg3 53. Kc4 Ka5 54. Kb3 Be1 55. Ka3 Bf2 56. Kb3 Be1 57. Ka3 b5 58. axb5 Kxb5 59. Kb3 Kc5 60. Kc2 Kd4 61. Kd1 Bf2 62. Ke2 Bg3 63. Nf8 Kd5 64. Ng6 e5 65. fxe5 Bxe5 66. Ke3 Ke6 67. Nf8+ Kf7 68. Nh7 Bg3 69. Ng5+ Kg6 70. Ne6 Kf6 71. Nf4 g6 72. Ng2 g5 73. hxg5+ Kxg5 74. Ke2 h4 75. Kf1 h3 76. Ne3 f4 77. Nd5 Kf5 78. Nxf4 1/2-1/2

[Event "Bundesturnier Hauptturnier 1 2024"]
[Site "Olten"]
[Date "2024.05.12"]
[Round "7.12"]
[White "Artan, Tamir"]
[Black "Szakolczai, Peter"]
[Result "0-1"]
[ECO "B32"]
[WhiteElo "1908"]
[BlackElo "2183"]
[Annotator "ChessBase"]
[PlyCount "106"]
[EventDate "2024.05.09"]
[EventType "tourn"]
[EventCountry "SUI"]
[SourceTitle "playchess.com"]
[Source "ChessBase"]
[SourceQuality "1"]
[TimeControl "5400+30"]

1. e4 c5 2. Nf3 Nc6 3. d4 cxd4 4. Nxd4 e5 5. Nb5 d6 6. c4 Be6 7. N1c3 a6 8. Na3 g6 9. Be3 Bg7 10. Nc2 Nf6 11. Be2 O-O 12. O-O Rc8 13. b3 b5 14. cxb5 Na7 15. Bxa7 Rxc3 16. b6 Nxe4 17. Nb4 d5 18. Nxa6 Qa8 19. f3 Nd6 20. Rc1 Rfc8 21. Rxc3 Rxc3 22. Nb4 Nc8 23. Qd2 d4 24. Bd3 f5 25. Qg5 Kf7 26. Qd8 Bf6 27. Be4 Bxd8 28. Bxa8 Nxb6 29. Nc6 Nxa8 30. Nxd8+ Kf6 31. Nxe6 Kxe6 32. f4 d3 33. fxe5 d2 34. Be3 Rxe3 35. Kf2 Rxe5 36. Rd1 Rd5 37. Ke3 Ke5 38. Rxd2 f4+ 39. Ke2 Rxd2+ 40. Kxd2 g5 41. Ke2 g4 42. h3 h5 43. hxg4 hxg4 44. Kd3 Nb6 45. b4 Kd5 46. a3 Nc4 47. b5 Nxa3 48. b6 Nc4 49. b7 Ne5+ 50. Ke2 Nc6 51. Kd3 Ke5 52. Kd2 Kd4 53. Ke2 Nb8 0-1